 Dungeon Crawl Stone Soup version 0.30.0 (webtiles) character file.

Game seed: 4738515431840122881

173 dialectric the Trooper (level 5, -3/33 HPs)
             Began as a Gargoyle Fighter on May 5, 2023.
             Slain by an iguana (11 damage)
             ... on level 4 of the Dungeon.
             The game lasted 00:02:44 (2890 turns).

dialectric the Trooper (Gargoyle Fighter)           Turns: 2890, Time: 00:02:44

Health: -3/33      AC: 13    Str: 20    XL:     5   Next: 53%
Magic:  5/5        EV:  8    Int: 12    God:
Gold:   160        SH:  0    Dex: 11    Spells: 4/4 levels left

rFire   + + .        n - +2 quarterstaff "Concordance" {flame, *Corrode rF++ Int+4}
rCold   . . .        (shield currently unavailable)
rNeg    + . .        w - +0 chain mail
rPois   ∞            (no helmet)
rElec   +            (no cloak)
rCorr   .            (no gloves)
SInv    .            (no boots)
Will    .....        (no amulet) Stlth
                     (no ring)
HPRegen 0.25/turn    (no ring)
MPRegen 0.09/turn

%: corrode self (3%)
@: no status effects
A: sickness immunity, AC +4, negative energy resistance 1, electricity
resistance, torment resistance 1, petrification resistance
a: no special abilities


You were on level 4 of the Dungeon.
You visited 1 branch of the dungeon, and saw 4 of its levels.

You collected 160 gold pieces.

Inventory:

Hand Weapons
 a - a +0 long sword
 n - the +2 quarterstaff "Concordance" (weapon) {flame, *Corrode rF++ Int+4}
   (You found it on level 2 of the Dungeon)

   Int:       It affects your intelligence (+4).
   rF:        It greatly protects you from fire.
   *Corrode:  It may corrode you when you take damage.
 r - a +0 glaive
Missiles
 j - 5 poisoned darts (quivered)
Armour
 b - a +0 scale mail
 c - a +0 buckler
 w - a +0 chain mail (worn)
Jewellery
 v - a ring of magical power
Wands
 s - a wand of paralysis (9)
Scrolls
 e - a scroll of noise {unknown}
 i - 3 scrolls of magic mapping {unknown}
 k - 2 scrolls of teleportation {unknown}
 l - a scroll of brand weapon {unknown}
 m - 3 scrolls of identify {unknown}
 o - a scroll of enchant armour {unknown}
 u - a scroll of immolation {unknown}
 y - a scroll of enchant weapon {unknown}
Potions
 d - a potion of might
 f - 2 potions of flight {unknown}
 g - a potion of lignification {unknown}
 h - 3 potions of magic {unknown}
 q - a potion of invisibility {unknown}
 t - 3 potions of degeneration {unknown}
 x - a potion of brilliance {unknown}
 z - a potion of curing {unknown}


   Skills:
 * Level 4.2 Fighting
 - Level 2.5 Long Blades
 + Level 2.4 Staves
 + Level 4.1 Armour
 - Level 1.1 Dodging
 - Level 0.2 Stealth
 - Level 3.2 Shields


You had 4 spell levels left.
You didn't know any spells.
Your spell library contained the following spells:

 Spells                   Type           Power      Damage    Failure   Level
 Blink                    Tloc           0%         N/A       98%         2
 Lesser Beckoning         Tloc           0%         N/A       98%         2
 Momentum Strike          Conj/Tloc      0%         3d8       98%         2
 Scorch                   Fire           0%         2d5       98%         2
 Flame Wave               Conj/Fire      0%         2d4       100%        4
 Summon Cactus Giant      Summ           0%         N/A       100%        6


Dungeon Overview and Level Annotations

Branches:
Dungeon (4/15)
 Temple: D:4-7

Altars:


Innate Abilities, Weirdness & Mutations

You are immune to sickness and miasma.
Your stone body is resilient. (AC +4)
You are immune to poison.
You resist negative energy. (rN+)
You are resistant to electric shocks. (rElec)
You are resistant to unholy torment.
You are immune to petrification.


Message History

An iguana comes into view.
The iguana hisses angrily.
A giant cockroach comes into view.
An orc comes into view. It is wielding a +0 club.
There are monsters nearby!
The orc shouts!
There are monsters nearby!
The iguana bites you!
There are monsters nearby!
You barely miss the iguana.
The giant cockroach bites you but does no damage.
The iguana bites you.
The giant cockroach bites you but does no damage.
You hit the iguana but do no damage.
The iguana bites you but does no damage.
The giant cockroach bites you but does no damage.
The iguana bites you.
You barely miss the iguana.
The giant cockroach bites you but does no damage.
The iguana barely misses you.
The giant cockroach bites you but does no damage.
You hit the iguana but do no damage. The iguana bites you.
The giant cockroach bites you but does no damage.
You closely miss the iguana.
The giant cockroach bites you but does no damage.
The iguana barely misses you.
You hit the iguana but do no damage.
The giant cockroach bites you but does no damage.
The iguana bites you but does no damage.
The giant cockroach barely misses you.
You hit the iguana. You burn the iguana.
The iguana is lightly wounded.
The iguana bites you. The giant cockroach barely misses you.
You are too injured to fight recklessly!
The iguana attacks as you move away! The iguana bites you!
* * * LOW HITPOINT WARNING * * *
Unknown command.
The iguana hisses menacingly.
The iguana attacks as you move away! The iguana bites you!
You die...

#.#.##### #. #.# ..#.#
#.######.## ###.#
#..##.....# ....#
#######..#.##..# #####
###..........##..# .#
..............#..# .#
##### #...........#).#
<#
......##.....#........#
##
......o.Bl@..#.###.>###
..##.#.#####.#.# #.# #
... #.#.# .# .....
#.#.# .# .....## #.#.#
####. #.#.# # #.#.#
.... #.#


You could see an iguana, an orc and a giant cockroach.

Vanquished Creatures
  A jelly (D:4)
  3 gnolls (D:4)
  5 adders
  2 worms (D:3)
  A dart slug (D:1)
  8 orcs (D:3)
  3 endoplasms
  2 giant cockroaches (D:2)
  A goblin (D:3)
  5 hobgoblins
  4 kobolds
  2 quokkas
  8 ball pythons
  3 bats (D:1)
  5 frilled lizards
  2 rats
55 creatures vanquished.

Vanquished Creatures (others)
  9 plants (D:3)
9 creatures vanquished.

Grand Total: 64 creatures vanquished

Notes
Turn   | Place    | Note
-------+----------+-------------------------------------------
     0 | D:1      | dialectric the Gargoyle Fighter began the quest for the
                  | Orb.
     0 | D:1      | Reached XP level 1. HP: 14/14 MP: 1/1
   513 | D:1      | Reached XP level 2. HP: 19/19 MP: 2/2
  1342 | D:2      | Identified the +2 quarterstaff "Concordance" {flame,
                  | *Corrode rF++ Int+4}
  1589 | D:3      | Reached XP level 3. HP: 22/23 MP: 3/3
  1848 | D:3      | Reached XP level 4. HP: 29/29 MP: 4/4
  1881 | D:3      | Reached skill level 1 in Dodging
  1924 | D:3      | Reached skill level 1 in Staves
  2565 | D:4      | Reached XP level 5. HP: 28/33 MP: 5/5
  2890 | D:4      | Slain by an iguana

Illustrated notes

Levels and vault maps discovered:
D:1:      minmay_arrival_doors, layout_basic, grunt_decor_cap, bh_walls_and_bars
D:2:      layout_rooms
D:3:      layout_basic, serial_bayou_pond_c, mrwooster_statue_mirror,
          kennysheep_generic_room_9
D:4:      layout_basic

Skill      XL: |  1  2  3  4 |
---------------+-------------+-----
Long Blades    | 2 |  2.5
Dodging        | 1 |  1.1
Staves         | 2 |  2.4
Armour         | 4 |  4.1
Fighting       | 4 |  4.2
Stealth        | |  0.2
Shields        | |  3.2

Action                     |  1- 3 |  4- 6 || total
---------------------------+-------+-------++-------
  Melee: Long sword        |    52 |       ||    52
         Quarterstaff      |    28 |    70 ||    98
    Use: Scroll            |       |     1 ||     1
 Armour: Scale mail        |    48 |    19 ||    67
         Chain mail        |       |    19 ||    19
  Dodge: Dodged            |    43 |    35 ||    78
